[Event "Late-Titled-Tuesday-Blitz-January-30-2024"]
[Site "Chess.com"]
[Date "2024.01.30"]
[Round "9"]
[White "josmito10"]
[Black "VladimirKramnik"]
[Result "1-0"]
[WhiteElo "2854"]
[BlackElo "2927"]
[TimeControl "180+1"]
[EndTime "15:45:09 PST"]
[Termination "josmito10 won on time"]

1. e4 c5 2. Nf3 d6 3. Bb5+ Nd7 4.
d4 cxd4 5. Qxd4 a6 6. Bxd7+ Bxd7 7. c4 Nf6 8. Nc3 g6 9. O-O Bg7 10. Qd3 O-O 11. Nd4 Rc8 12. b3 Ng4 13. Bb2 Ne5 14. Qd2 Rxc4 15. bxc4 Nxc4 16. Qe2 Nxb2 17. Qxb2 Bxd4 18.
Rad1 Bg7 19. Qb3 Bc6 20. f3 e6 21. Ne2 Qa5 22. Qe3 d5 23. Nd4 Bxd4 24. Rxd4 dxe4 25.
fxe4 Qxa2 26. h4 e5 27. Rd2 Qc4 28. Re1 Qe6 29. h5 gxh5 30. Rf2 Kh8 31. Ref1 Qg6 32. Rf5 Rg8 33. R1f2 f6 34. Qf3 Qg4 35. Rxf6 Bxe4 36.
Qxg4 hxg4 37. Re2 Bg6 38. Rxe5 Ra8 39. Re7 a5 40. Rxb7 a4 41. Rfb6 Bc2 42. Rb8+ Rxb8 43. Rxb8+ Kg7 44. Rb6 h5 45. g3 Bb3 46. Ra6 Kf7 47.
Kf2 Kg7 48. Ke3 Bc4 49. Rxa4 Bd5 50. Ra5 1-0

[Event "Late-Titled-Tuesday-Blitz-January-30-2024"]
[Site "Chess.com"]
[Date "2024.01.30"]
[Round "9"]
[White "Onthequiet"]
[Black "bazar-wokzal"]
[Result "0-1"]
[WhiteElo "2447"]
[BlackElo "2599"]
[TimeControl "180+1"]
[EndTime "15:45:11 PST"]
[Termination "bazar-wokzal won on time"]

1. d4 Nf6 2. Nf3 e6 3. a3 c5 4.
dxc5 Bxc5 5. b4 Bb6 6. Bb2 d5 7. e3 Nc6 8. Nbd2 O-O 9. Bd3 Qe7 10.
b5 Na5 11. O-O Bd7 12. Bc3 Rac8 13. Bb4 Qd8 14. Bxf8 Qxf8 15. Ne5 Be8 16. a4 Qd6 17. Ndf3 Bc7 18. Qe2 Ne4 19. h3 f6 20. Ng4 Bh5 21.
Qe1 Bxg4 22. Bxe4 dxe4 23. hxg4 exf3 24. g3 Nc4 25. Qd1 Ne5 26. Qxd6 Bxd6 27. Rfd1 Bb4 28.
Rab1 Ba5 29. Rb2 Rc4 30. Rd4 Rxd4 31. exd4 Nxg4 32. c4 Bc3 33. b6 a6 34. c5 Bxb2 35. c6 Bxd4 36. c7 Bxf2+ 37. Kf1 Kf7 38. c8=Q Kg6 39.
Qxe6 h5 40. Qe8+ Kg5 41. Qf7 Bxb6 42. Qxg7+ Kf5 43. Qd7+ Ke5 44. Qxb7 Nh2+ 45. Ke1 f2+ 46. Kd2 f1=Q 47. Qb8+ Ke4 48. Qf4+ Qxf4+ 0-1

[Event "Late-Titled-Tuesday-Blitz-January-30-2024"]
[Site "Chess.com"]
[Date "2024.01.30"]
[Round "9"]
[White "alexgo05"]
[Black "Nf3c5"]
[Result "1-0"]
[WhiteElo "2414"]
[BlackElo "2515"]
[TimeControl "180+1"]
[EndTime "15:45:12 PST"]
[Termination "alexgo05 won by checkmate"]

1. Nf3 d5 2. b3 c6 3. Bb2 Nf6 4. c4 Bf5 5. e3 e6 6. d4 Nbd7 7. Nc3 Bb4 8. a3 Bd6 9. cxd5 exd5 10. Bd3 Bg4 11. Ne2 Ne4 12. Ng3 Qe7 13. Qc2 f5 14. Ne2 O-O 15. h3 Bxf3 16. gxf3 Ng5 17. Ng1 f4 18. h4 fxe3 19. hxg5 exf2+ 20. Kxf2 Qxg5 21. Bxh7+ Kf7 22. Qf5+ Qxf5 23. Bxf5 Nf6 24. Nh3 g6 25. Ng5+ Kg8 26. Bxg6 Ng4+ 27. Ke2 Rf6 28. Bh7+ Kg7 29. fxg4 Re8+ 30. Ne4 dxe4 31. d5 Be5 32. Bxe5 Rxe5 33. dxc6 bxc6 34. Bf5 Rb5 35. Rh7+ Kg8 36. Rxa7 Rxb3 37.
Rd1 Rb2+ 38. Ke3 Rb3+ 39. Kxe4 Rf8 40. Rdd7 Re8+ 41. Kf4 Rb2 42. Kg5 Rbe2 43. Rh7 R2e3 44. Rag7+ Kf8 45. Rg6 Re1 46. Rh8+ Kf7 47. Rxe8 Rxe8 48.
Rf6+ Kg8 49. Rxc6 Ra8 50. Rc8+ Rxc8 51. Bxc8 Kf8 52. Bf5 Ke7 53. Kg6 Kd6 54. Kh7 Ke5 55.
g5 Kxf5 56. g6 Kg5 57. g7 Kh5 58. a4 Kh4 59. a5 Kh3 60. a6 Kh4 61. a7 Kh5 62. a8=Q Kh4 63. g8=Q Kh5 64. Qg7 Kh4 65. Qh1# 1-0

[Event "Late-Titled-Tuesday-Blitz-January-30-2024"]
[Site "Chess.com"]
[Date "2024.01.30"]
[Round "9"]
[White "Bryanl106"]
[Black "egnfanclub"]
[Result "1-0"]
[WhiteElo "2533"]
[BlackElo "2360"]
[TimeControl "180+1"]
[EndTime "15:45:12 PST"]
[Termination "Bryanl106 won by resignation"]

1. e4 e5 2. Nf3 Nc6 3. Nc3 Nf6 4.
a3 d5 5. Bb5 dxe4 6. Nxe5 Bd7 7. Bxc6 Bxc6 8. Nxc6 bxc6 9. Qe2 Qe7 10. O-O Qe6 11.
Re1 Bd6 12. Nxe4 O-O 13. Nxd6 Qxd6 14. d3 Rfe8 15. Be3 Nd5 16. Qf3 a5 17. b3 Re6 18.
Bd2 Rxe1+ 19. Bxe1 Qe5 20. Rd1 Nc3 21. Qxc6 Ne2+ 22. Kf1 Re8 23. Qe4 Qb5 24. Qa4 Qe5 25. Qe4 Qb5 26. Qxe2 Rxe2 27. Kxe2 Qe5+ 28. Kf3 Qxh2 29.
b4 a4 30. Bd2 Qh5+ 31. g4 Qh3+ 32. Kf4 Qg2 33. Be3 Qc6 34. c4 Qf6+ 35. Kg3 Qc3 36. b5 Qxa3 37. c5 Qb3 38. b6 cxb6 39. Rc1 bxc5 40. Rxc5 f6 41. Ra5 a3 42. Kh2 a2 43.
Bd4 Qb1 44. Kg2 Qc2 45. Ba1 Qxd3 46. Ra8+ Kf7 47. Ra7+ Kg6 48. Kh2 Qf3 49. Rxa2 Qxg4 50. Ra3 Qf4+ 51. Rg3+ Kf5 52. Kg2 h5 53. Rf3 g5 54.
Rxf4+ Kxf4 55. Bxf6 h4 56. Bd8 Kg4 57. Bc7 Kh5 58.
Kh3 g4+ 59. Kg2 Kg5 60. Bd8+ Kh5 61. Be7 g3 62. f3 Kg6 63. Bxh4 1-0

[Event "Late-Titled-Tuesday-Blitz-January-30-2024"]
[Site "Chess.com"]
[Date "2024.01.30"]
[Round "9"]
[White "mbojan"]
[Black "M1711"]
[Result "1-0"]
[WhiteElo "2857"]
[BlackElo "2660"]
[TimeControl "180+1"]
[EndTime "15:45:14 PST"]
[Termination "mbojan won on time"]

1. a3 h6 2. h3 a6 3. e4 d6 4. d4 Bd7 5. Nc3 e5 6. Nf3 Nc6 7. Bc4 Nf6 8. O-O Be7 9. Be3 g5 10.
dxe5 dxe5 11. Nh2 Qc8 12. Qf3 g4 13. Nxg4 Bxg4 14. hxg4 Qxg4 15. Rad1 Qxf3 16. gxf3 Bd6 17.
Nd5 Nxd5 18. Bxd5 Nd8 19. Kh2 Ke7 20. Rg1 c6 21. Bb3 Ne6 22. Bxe6 Kxe6 23. Rd3 Be7 24. Rgd1 h5 25. f4 exf4 26. Bxf4 Rad8 27. Kg3 Bf6 28.
b3 Rhg8+ 29. Kf3 Be7 30. a4 Rxd3+ 31. cxd3 c5 32. Rh1 h4 33. Be3 Rd8 34. Ke2 Rh8 35.
Rc1 h3 36. Rh1 f5 37. f4 b5 38. axb5 axb5 39. Kf3 h2 40. Kg2 c4 41. bxc4 bxc4 42.
dxc4 fxe4 43. Rxh2 Rc8 44. Rh6+ Kf5 45. c5 Kg4 46. c6 Bf8 47. Rf6 Bg7 48. Rg6+ Kf5 49. Rxg7 Rxc6 50. Rg5+ Kf6 51. Bd4+ Ke6 52. Rg6+ Kd5 53.
Rxc6 Kxc6 54. Be3 Kd5 55. Kg3 Ke6 56. Kg4 Kf6 57. f5 Kf7 58. Kf4 1-0

[Event "Late-Titled-Tuesday-Blitz-January-30-2024"]
[Site "Chess.com"]
[Date "2024.01.30"]
[Round "9"]
[White "Viktor_Poddubnyi"]
[Black "Chesstrainer1"]
[Result "1/2-1/2"]
[WhiteElo "2328"]
[BlackElo "2479"]
[TimeControl "180+1"]
[EndTime "15:45:15 PST"]
[Termination "Game drawn by repetition"]

1. e4 c5 2. Nf3 a6 3. c3 d5 4. exd5 Qxd5 5. d4 e6 6. Be2 Nf6 7. O-O Nc6 8. c4 Qd7 9. dxc5 Bxc5 10. Nc3 O-O 11. Bf4 Qe7 12. a3 Rd8 13.
Qc2 b6 14. Rad1 Bb7 15. Rxd8+ Rxd8 16. Rd1 Nd4 17. Nxd4 Bxd4 18. Bg3 e5 19. Bf1 e4 20.
Nd5 Nxd5 21. Rxd4 Nf6 22. Qd2 Re8 23. Bf4 h6 24. Be3 Qe5 25. h3 Re6 26. b4 Qf5 27. Rd6 g5 28. Rxb6 Rxb6 29. Bxb6 Nh5 30. g4 Qf6 31.
Qd8+ Qxd8 32. Bxd8 Nf4 33. Bc7 Ne6 34. Be5 Kf8 35.
c5 Ke7 36. a4 a5 37. Bd6+ Kd7 38. b5 Bd5 39. b6 Kc6 40. Bb5+ Kb7 41. Kf1 Bc6 42.
Ke2 Nd4+ 43. Ke3 Nxb5 44. axb5 Bxb5 45. Kxe4 a4 46. Be5 Bc6+ 47. Ke3 Bg2 48. Bb2 Bxh3 49. f3 Bg2 50. Kf2 Bh1 51. Ba3 Kc6 52. Ke3 Kb7 53. Kf2 Kc6 54. Ke3 Kb7 55. Kf2 1/2-1/2

[Event "Late-Titled-Tuesday-Blitz-January-30-2024"]
[Site "Chess.com"]
[Date "2024.01.30"]
[Round "9"]
[White "jcmesafischer"]
[Black "a-z30"]
[Result "1-0"]
[WhiteElo "2373"]
[BlackElo "2510"]
[TimeControl "180+1"]
[EndTime "15:45:18 PST"]
[Termination "jcmesafischer won by resignation"]

1. e4 d6 2. d4 Nf6 3. Nc3 g6 4. Nf3 Bg7 5. Be3 O-O 6. Qd2 Bg4 7. Be2 Nc6 8. d5 Bxf3 9. Bxf3 Ne5 10. Be2 c6 11. Bh6 Bxh6 12. Qxh6 Qb6 13. Qd2 cxd5 14. exd5 Rac8 15. O-O-O Qxf2 16. Rhf1 Nc4 17. Rxf2 Nxd2 18.
Rxd2 a6 19. Bf3 Rc5 20. Rfe2 Rc7 21. a4 Rfc8 22. g4 h6 23. h4 Kg7 24. g5 hxg5 25. hxg5 Nh7 26. Ne4 b5 27. axb5 axb5 28. Rh2 Rc4 29.
Rh1 Ra8 30. Rdh2 Ra1+ 31. Kd2 Rxh1 32. Rxh1 Rd4+ 33. Ke3 Rxd5 34. Rxh7+ Kxh7 35. Nf6+ exf6 36. Bxd5 Kg7 37. gxf6+ Kxf6 38. b4 g5 39. Bc6 Ke5 40.
Bxb5 d5 41. Bd7 f5 42. b5 f4+ 43. Kf3 Kd6 44. Be8 Kc5 45. c3 Kb6 46. Kg4 Kc5 47. Bc6 Kd6 48. Ba8 Kc5 49. b6 Kxb6 50. Bxd5 Kc5 51. Bb3 Kb5 52. Bd5 Kc5 53. Be6 Kd6 54.
Bc4 Kc5 55. Be2 Kc6 56. Kxg5 f3 57. Bxf3+ Kc5 58. Be2 Kd5 59. Kf5 Kc5 60. Ke4 Kc6 61. Kd3 Kc5 62. c4 Kc6 63. Kc3 Kb6 64. Kd4 Kc7 65.
c5 1-0

[Event "Late-Titled-Tuesday-Blitz-January-30-2024"]
[Site "Chess.com"]
[Date "2024.01.30"]
[Round "9"]
[White "Evgeny81"]
[Black "traviscottofficial"]
[Result "1/2-1/2"]
[WhiteElo "2727"]
[BlackElo "2614"]
[TimeControl "180+1"]
[EndTime "15:45:19 PST"]
[Termination "Game drawn by stalemate"]

1. e4 c5 2. Nf3 Nc6 3. d4 cxd4 4. Nxd4 Nf6 5. Nc3 g6 6. Nxc6 dxc6 7. Qxd8+ Kxd8 8. e5 Nd5 9. Bd2 Nxc3 10. Bxc3 Bg7 11. O-O-O+ Kc7 12. Bc4 Be6 13. Bxe6 fxe6 14. f4 Rhf8 15.
g3 Rad8 16. Rxd8 Rxd8 17. h4 h5 18. Re1 c5 19. a4 Kc6 20. b3 b6 21. Kb2 a6 22. b4 Rd5 23. Kb3 Bh6 24. Ra1 Bf8 25.
bxc5 Kxc5 26. Bb4+ Kc6 27. Kc3 Rd7 28. Re1 Rc7 29. Kb3 Rd7 30. Re3 Rd1 31. Rc3+ Kd7 32. a5 bxa5 33. Bxa5 Rb1+ 34. Kc4 Rb5 35. Bb4 Kc6 36. Ra3 Kb7 37. Rd3 Kc7 38. Ba3 Rd5 39. Rb3 Rd2 40. Bb4 Rxc2+ 41. Kd3 Ra2 42. Bc5 a5 43. Rb6 Kd7 44. Ra6 a4 45. Ra8 Bg7 46. Ra7+ Kc6 47. Bxe7 Rg2 48. Ke4 Rxg3 49. Bd6 Bh6 50.
Rxa4 Rg4 51. Kf3 Rxh4 52. Be7 Rg4 53. Bf6 g5 54. Rc4+ Kd5 55. fxg5 Bxg5 56. Rxg4 hxg4+ 57.
Kxg4 Bc1 58. Kf3 Bb2 59. Ke2 Bxe5 60. Bxe5 Kxe5 61. Ke3 Kd5 62. Kd3 e5 63. Ke3 e4 64.
Ke2 Kd4 65. Kd2 e3+ 66. Ke2 Ke4 67. Ke1 Kf5 68. Ke2 Kf4 69. Ke1 Kf3 70. Kf1 e2+ 71.
Ke1 Ke3 1/2-1/2

[Event "Late-Titled-Tuesday-Blitz-January-30-2024"]
[Site "Chess.com"]
[Date "2024.01.30"]
[Round "9"]
[White "pooh2012"]
[Black "jsdbv18"]
[Result "0-1"]
[WhiteElo "2503"]
[BlackElo "2620"]
[TimeControl "180+1"]
[EndTime "15:45:20 PST"]
[Termination "jsdbv18 won by resignation"]

1. Nf3 Nf6 2. g3 g6 3. b3 Bg7 4.
Bb2 b6 5. Bg2 Bb7 6. c4 O-O 7.
O-O c5 8. Qc1 d5 9. cxd5 Qxd5 10.
Nc3 Qh5 11. h3 Bxf3 12. exf3 Nc6 13. f4 Rac8 14. g4 Qh4 15. Ne2 Rfd8 16. Ng3 Nb4 17. Be5 Nd3 18. Qa3 Nxe5 19. fxe5 Nd5 20. Rae1 Nf4 21.
Qxa7 Rxd2 22. Qxb6 Rxa2 23. Qb7 Rd8 24. Qe4 Nxh3+ 25.
Bxh3 Qxh3 26. Re3 Qh4 27. Rf3 Rad2 28. Kg2 Qg5 29. Qc4 e6 30. Qxc5 Bxe5 31. Re3 Bf4 32. Qxg5 Bxg5 33. Rf3 Kg7 34. Ne4 R2d5 35. Rb1 Be7 36.
b4 Rb5 37. Rfb3 Rd4 38. Nc3 Rbxb4 39. Rxb4 Bxb4 40. Ne2 Rxg4+ 41. Kf3 Rc4 42. Ng3 Be7 43. Ne4 f5 44. Ng3 Bd6 45. Rb7+ Kf6 46. Ne2 h6 47. Ke3 g5 48. Kf3 Ra4 49. Kg2 Ra3 50.
Ng1 h5 51. Ne2 g4 52. Rb6 Be5 53. Nc1 h4 54. Nb3 h3+ 55. Kf1 Ra2 56. Rb7 Rb2 57.
Nc5 Rxb7 58. Nxb7 Bd4 59. Nd6 Ke5 60. Nc4+ Kf4 61. Nd2 Bc3 62. Nc4 Kf3 63. Ne3 f4 64.
Nxg4 Kxg4 0-1

[Event "Late-Titled-Tuesday-Blitz-January-30-2024"]
[Site "Chess.com"]
[Date "2024.01.30"]
[Round "9"]
[White "Vladimir_2020"]
[Black "ChristopherYoo"]
[Result "0-1"]
[WhiteElo "2774"]
[BlackElo "2940"]
[TimeControl "180+1"]
[EndTime "15:45:25 PST"]
[Termination "ChristopherYoo won on time"]

1. Nf3 Nf6 2. g3 b5 3. Na3 a6 4.
c4 b4 5. Nc2 c5 6. Bg2 Bb7 7. O-O e6 8. d4 cxd4 9. Ncxd4 Be7 10.
a3 bxa3 11. b3 O-O 12. Bxa3 Bxa3 13. Rxa3 a5 14. Qc2 Na6 15. Rfa1 Nb4 16. Qd1 Qb6 17. Nc2 Ne4 18. e3 Nc5 19. Nfd4 Bxg2 20. Kxg2 Rfb8 21.
Nxb4 Qxb4 22. Nb5 d5 23. Qc2 Rb7 24. Nd4 dxc4 25. Qxc4 Qxc4 26. bxc4 a4 27. Nb5 Kf8 28. h4 h5 29. Kf3 Ke7 30. R1a2 f6 31. Ke2 g5 32.
hxg5 fxg5 33. Ra1 Kf6 34. Kf3 Kg6 35. Kg2 Rd7 36. R1a2 g4 37. Nc3 Rd3 38. Nb5 Rxa3 39. Rxa3 Rd8 40. Nd4 Kf6 41. f4 gxf3+ 42. Kxf3 e5 43.
Nb5 Rd3 44. Ra2 Kf5 45. Ke2 Ke4 46. Kf2 Rb3 47. Nd6+ Kd3 48. Kf3 a3 49. g4 hxg4+ 50. Kxg4 Kxe3 51. Nb5 e4 52. Nxa3 Kd3 53. Nb5 e3 54.
Kf3 Ne4 55. Nc7 Nd2+ 56. Kg2 e2 57. Ra1 Rb1 58. Ra3+ Kxc4 59. Re3 e1=Q 60. Rxe1 Rxe1 0-1

[Event "Late-Titled-Tuesday-Blitz-January-30-2024"]
[Site "Chess.com"]
[Date "2024.01.30"]
[Round "9"]
[White "dmitrijiIM"]
[Black "Zura_19"]
[Result "1-0"]
[WhiteElo "2898"]
[BlackElo "2579"]
[TimeControl "180+1"]
[EndTime "15:45:25 PST"]
[Termination "dmitrijiIM won by resignation"]

1. d4 Nf6 2. c4 e6 3. Nc3 Bb4 4. e3 b6 5. Ne2 Bb7 6. a3 Bxc3+ 7. Nxc3 O-O 8. Bd3 a5 9. e4 d6 10. Bg5 e5 11. d5 h6 12. Bh4 Na6 13. Rb1 Nc5 14.
Bc2 a4 15. O-O g5 16. Bg3 Bc8 17. f3 Bd7 18. Bf2 Qe8 19. Be3 Nh5 20. g3 Ng7 21. g4 f6 22. h4 Qe7 23. hxg5 fxg5 24. Ne2 Rf7 25. Ng3 Raf8 26. Nf5 Nxf5 27. exf5 Qe8 28. Kg2 e4 29. Bd4 exf3+ 30. Rxf3 Re7 31. Bc3 Ne4 32.
Bd4 Nf6 33. Bxf6 Rxf6 34. Qd4 Re5 35. Rbf1 Kg7 36. R1f2 c6 37. Rd2 cxd5 38. cxd5 Bb5 39. Bd3 Bxd3 40. Qxd3 Re4 41. Kh3 Qe5 42. Rg3 h5 43.
Rdg2 h4 44. Rf3 Kh6 45. Qd2 Rd4 46. Rd3 Rxd3+ 47. Qxd3 Rf7 48. Qf3 Re7 49. Rf2 Kh7 50. f6 Rf7 51. Qd3+ Kg8 52. Rf5 Qe1 53. Rxg5+ Kf8 54. Qf3 Qe5 55. Rxe5 dxe5 56. g5 1-0

[Event "Late-Titled-Tuesday-Blitz-January-30-2024"]
[Site "Chess.com"]
[Date "2024.01.30"]
[Round "9"]
[White "Sanyura"]
[Black "Nemsko"]
[Result "1-0"]
[WhiteElo "2671"]
[BlackElo "2403"]
[TimeControl "180+1"]
[EndTime "15:45:26 PST"]
[Termination "Sanyura won by resignation"]

1. Nf3 Nf6 2. g3 d5 3. Bg2 g6 4. d3 Bg7 5. O-O O-O 6. Nbd2 Nbd7 7. e4 e5 8. exd5 Nxd5 9. Nc4 Re8 10. Re1 N5b6 11.
Nxb6 Nxb6 12. a4 Nd5 13. c3 c6 14. a5 a6 15. Ng5 h6 16. Ne4 Bf5 17. Nc5 Rb8 18. Qb3 Qd6 19. Ne4 Qd7 20. c4 Nf6 21. Nc5 Qd6 22. Ne4 Nxe4 23. dxe4 Be6 24. Be3 c5 25. Qc3 Rbd8 26. b3 Qc6 27. h4 h5 28.
Kh2 Kh7 29. Rad1 Qc7 30. b4 cxb4 31. Qxb4 Rc8 32. c5 Red8 33. Rb1 Rd7 34. Rec1 Qc6 35. Qa3 Rcd8 36. Rb6 Qc7 37. Qb4 Bf8 38. Qb2 Qc8 39. c6 bxc6 40. Rcxc6 Rc7 41. Rxc7 Qxc7 42. Rxa6 Bc4 43.
Ra7 Qd6 44. Qb6 Qd1 45. Qc7 Be6 46. Bh3 Rd7 47. Bxe6 Rxc7 48. Rxc7 Bb4 49. Rxf7+ Kh8 50. Bg5 Bxa5 51. Bd5 Qf1 52. Bf6+ Kg8 53. Bxe5 Be1 54.
Bd4 g5 55. hxg5 h4 56. gxh4 Qe2 57. Rf4+ Kh7 58. Be3 Kg6 59. Rf6+ Kh5 60. Be6 Kxh4 61. Rh6+ Qh5 62. Rxh5+ Kxh5 63. Bf5 1-0

[Event "Late-Titled-Tuesday-Blitz-January-30-2024"]
[Site "Chess.com"]
[Date "2024.01.30"]
[Round "9"]
[White "Rikikits"]
[Black "ansko1999"]
[Result "0-1"]
[WhiteElo "2829"]
[BlackElo "2689"]
[TimeControl "180+1"]
[EndTime "15:45:30 PST"]
[Termination "ansko1999 won on time"]

1. d4 Nf6 2. c4 e6 3. Nc3 Bb4 4.
Qb3 c5 5. a3 Bxc3+ 6. Qxc3 cxd4 7. Qxd4 Nc6 8. Qc3 O-O 9. Nf3 d5 10. e3 e5 11. Nxe5 Nxe5 12. Qxe5 Re8 13. Qd4 Re4 14. Qd2 d4 15. Be2 Qe7 16. O-O dxe3 17. fxe3 Bg4 18. Bf3 Bxf3 19. gxf3 Rxc4 20. e4 Rd8 21. Qf2 Qc7 22. Bg5 Rc2 23. Rac1 Rxc1 24. Rxc1 Qe5 25. Be3 b6 26. Rc2 Rd1+ 27. Kg2 h6 28.
Rd2 Rb1 29. Qg3 Qb5 30. Qf2 Qc4 31. Qe2 Qa2 32. e5 Nd5 33. Kg3 Nxe3 34. Qxe3 Rxb2 35. Rd8+ Kh7 36. Qe4+ g6 37. Qf4 Rg2+ 38. Kh3 Rf2 39.
Rd7 Qe6+ 40. Kg3 Rxf3+ 41. Kxf3 Qxd7 42. Qc4 Qf5+ 43. Kg2 Qg5+ 44. Kf3 Qf5+ 45. Kg2 Kg7 46. Qd4 Qe6 47. Kf3 a6 48. h4 b5 49. Qc5 Qf5+ 50. Ke3 Qe6 51. Kd4 Qc4+ 52. Qxc4 bxc4 53. Kxc4 g5 54. hxg5 hxg5 55. Kd4 Kg6 56. Ke4 Kh5 57.
Kf5 g4 58. Kf6 g3 59. Kxf7 g2 60. e6 g1=Q 61. e7 Qg6+ 62. Kf8 Qf6+ 63. Ke8 Kg6 64.
Kd7 Qd4+ 65. Kc8 Qc5+ 66. Kd8 Qd6+ 67. Kc8 Qxe7 0-1

[Event "Late-Titled-Tuesday-Blitz-January-30-2024"]
[Site "Chess.com"]
[Date "2024.01.30"]
[Round "9"]
[White "Inepton_Fermion"]
[Black "igorknyazev"]
[Result "1-0"]
[WhiteElo "2382"]
[BlackElo "2133"]
[TimeControl "180+1"]
[EndTime "15:45:30 PST"]
[Termination "Inepton_Fermion won on time"]

1. Nf3 d6 2. d4 Nd7 3. b3 f6 4. d5 e5 5. dxe6 Nc5 6. g3 Bxe6 7.
Bg2 Qd7 8. b4 Ne4 9. Nd4 d5 10.
Nxe6 Qxe6 11. a3 Ne7 12. O-O Ng6 13. Bb2 Bd6 14. Nc3 Nxc3 15. Bxc3 c6 16. b5 O-O 17.
bxc6 bxc6 18. Qd4 Be5 19. Qe3 Rfe8 20. Rfe1 a6 21. a4 Rac8 22. Qc5 Bxc3 23. Qxc3 Qe5 24.
Qa5 Qb2 25. Qxa6 Qxc2 26. Rac1 Qd2 27. e3 Ne5 28. Red1 Qa2 29. Bxd5+ cxd5 30. Rxc8 Rxc8 31.
Qxc8+ Kf7 32. Qc7+ Kg6 33. Kg2 Qxa4 34. Qc1 Qe4+ 35.
Kg1 Nf3+ 36. Kf1 Nxh2+ 37. Ke1 h5 38. Qb1 Nf3+ 39. Ke2 Ng5 40. Qxe4+ dxe4 41. Ra1 Nf3 42. Ra4 f5 43. Ra6+ Kg5 44. Ra5 g6 45. Kf1 h4 46.
Kg2 hxg3 47. Kxg3 Nh4 48. Ra6 Nf3 49. Rb6 Ne5 50. Re6 Nd3 51. Rd6 Nc1 52. Rd5 Ne2+ 53.
Kg2 Kg4 54. Rd6 g5 55. Rd5 f4 56. Re5 Nc3 57. Rc5 Nd1 58. Re5 Nc3 59. Rc5 f3+ 60. Kf1 1-0

[Event "Late-Titled-Tuesday-Blitz-January-30-2024"]
[Site "Chess.com"]
[Date "2024.01.30"]
[Round "9"]
[White "pavet"]
[Black "Mazetovic"]
[Result "1-0"]
[WhiteElo "2781"]
[BlackElo "2631"]
[TimeControl "180+1"]
[EndTime "15:45:32 PST"]
[Termination "pavet won by resignation"]

1. e4 c5 2. Nf3 Nc6 3. d4 cxd4 4. Nxd4 g6 5. c4 Bg7 6. Be3 Nf6 7. Nc3 O-O 8. Be2 d6 9. O-O Bd7 10. h3 Nxd4 11.
Bxd4 Bc6 12. Qc2 a5 13. Rad1 Qc7 14. a4 Nd7 15. Bxg7 Kxg7 16. Nd5 Qd8 17. Rfe1 Nc5 18. Nc3 f6 19. Bf1 Qb6 20. Nb5 Rac8 21. Re3 Nd7 22. Nc3 Nc5 23. Nd5 Qd8 24. b3 e5 25. Nc3 Qb6 26. Nd5 Bxd5 27. Rxd5 h5 28.
h4 Ne6 29. Qd2 Nc5 30. Rxd6 Qc7 31. Rd5 Rfd8 32. g3 Rxd5 33. exd5 b6 34. d6 Qd7 35. b4 axb4 36. Qxb4 Qxd6 37. a5 bxa5 38. Qxa5 Rc7 39. Qa8 Ne6 40. Rd3 Nd4 41. Ra3 Qc6 42. Qxc6 Rxc6 43.
Ra7+ Kf8 44. Bd3 f5 45. Kg2 e4 46. Bf1 Ne6 47. Be2 Rd6 48. Kf1 Rd2 49. Ke1 Rc2 50.
Ra6 Nd4 51. Bd1 Rxc4 52. Rxg6 Rc1 53. Kd2 Ra1 54. Rg5 Ra2+ 55. Ke3 Ra4 56. Bxh5 Ke7 57. Bg6 Kf6 58. Be8 Ke5 59. Bxa4 Ne6 60. Bb3 Nc5 61. Bc2 Ne6 62. Bxe4 Kf6 63. Rxf5+ Kg7 64. f4 1-0

[Event "Late-Titled-Tuesday-Blitz-January-30-2024"]
[Site "Chess.com"]
[Date "2024.01.30"]
[Round "9"]
[White "Elsa167"]
[Black "crescentmoon2411"]
[Result "1/2-1/2"]
[WhiteElo "2907"]
[BlackElo "3019"]
[TimeControl "180+1"]
[EndTime "15:45:36 PST"]
[Termination "Game drawn - insufficient material"]

1. d4 Nf6 2. c4 e6 3. Nf3 d5 4. Nc3 a6 5. cxd5 exd5 6. Bg5 Be6 7. Bxf6 Qxf6 8. Qb3 b5 9. a4 b4 10. Nxd5 Qd8 11.
e4 Bxd5 12. Qxd5 Qxd5 13. exd5 Bd6 14. Bc4 O-O 15. a5 Re8+ 16. Kd2 Nd7 17. Rhe1 Rxe1 18. Rxe1 b3 19. Kd3 Nf6 20. Ne5 Re8 21. f4 Kf8 22. Ra1 Ra8 23. g3 g6 24. Nc6 Ng4 25. Bxb3 Nxh2 26.
Bc4 Ng4 27. b4 h5 28. b5 axb5 29. Bxb5 Nf6 30. Kc4 Ne4 31. a6 Nxg3 32. a7 Nf5 33. Kd3 Bxf4 34. Ba6 h4 35. Bb7 Rxa7 36. Nxa7 h3 37.
Bc8 Nh4 38. Bxh3 f5 39. Nb5 g5 40. Ra7 g4 41. Bf1 g3 42. Nxc7 Bxc7 43. Rxc7 f4 44. d6 Ke8 45. Rh7 Nf3 46. Ke4 Ng5+ 47. Kxf4 Nxh7 48.
Bb5+ Kd8 49. Kxg3 Nf6 50. Kf4 Nd5+ 51. Ke5 Nc3 52. Bc6 Na2 53. Kd5 Nb4+ 54. Kc5 Nd3+ 55. Kc4 Nf4 56. Bb5 Kc8 57. Kc3 Nd5+ 58. Kd3 Kd8 59. Bc6 Nb4+ 60. Kc4 Nxc6 61. Kc5 Kd7 62. d5 Nd8 63. Kd4 Kxd6 64. Kc4 Nc6 65. Kb3 Kxd5 1/2-1/2

[Event "Late-Titled-Tuesday-Blitz-January-30-2024"]
[Site "Chess.com"]
[Date "2024.01.30"]
[Round "9"]
[White "Smile2005"]
[Black "bn1462"]
[Result "0-1"]
[WhiteElo "2394"]
[BlackElo "1978"]
[TimeControl "180+1"]
[EndTime "15:45:38 PST"]
[Termination "bn1462 won by checkmate"]

1. e4 c5 2. Nf3 Nc6 3. Bb5 g6 4. O-O Bg7 5. Re1 e5 6. Rf1 Nge7 7. Re1 O-O 8. c3 d5 9. exd5 Qxd5 10. d3 h6 11.
Nbd2 Kh7 12. Ne4 b6 13. Re3 f5 14. Nfg5+ Kh8 15. Bc4 Qd8 16. Nd2 hxg5 17. Rh3+ Bh6 18.
Rxh6+ Kg7 19. Rh5 gxh5 20. Qxh5 Rf6 21. Nf3 Qh8 22. Qxg5+ Rg6 23. Qe3 f4 24. Qe4 Bf5 25. Qe2 Qh3 26. Ne1 Bg4 27. f3 Bf5 28. Kh1 Qh4 29. d4 cxd4 30. cxd4 Rh8 31. g4 fxg3 32. d5 Qxh2+ 33. Qxh2 Rxh2+ 34. Kg1 Nd4 35. Be3 Nc2 36. Nxc2 Rxc2 37. Bb3 Rxb2 38. d6 Rxd6 39. Rc1 Rh6 40.
Bxh6+ Kxh6 41. Rc7 Kg5 42. Rxe7 Kf4 43. Bd5 Rb1+ 44.
Kg2 Rb2+ 45. Kg1 Rb1+ 46. Kg2 Rb2+ 47. Kf1 Rb1+ 48. Ke2 Rb2+ 49. Kd1 g2 50. Rg7 g1=Q+ 51. Rxg1 Rb1+ 52. Kd2 Rxg1 53. Kc3 Rf1 54. Kb4 e4 55. fxe4 Bxe4 56. Bc4 Rb1+ 57. Ka3 a5 58. Ba6 b5 59.
Bc8 Bc6 60. Bd7 b4# 0-1

[Event "Late-Titled-Tuesday-Blitz-January-30-2024"]
[Site "Chess.com"]
[Date "2024.01.30"]
[Round "9"]
[White "krzyzan94"]
[Black "lupta_robin"]
[Result "0-1"]
[WhiteElo "2756"]
[BlackElo "2570"]
[TimeControl "180+1"]
[EndTime "15:45:43 PST"]
[Termination "lupta_robin won by checkmate"]

1. e4 c5 2. Nf3 Nc6 3. d4 cxd4 4. Nxd4 Nf6 5. Nc3 e5 6. Ndb5 d6 7. Nd5 Nxd5 8. exd5 Nb8 9. a4 Be7 10. Be2 O-O 11. O-O f5 12. f4 Bf6 13. Kh1 a6 14. Na3 exf4 15. Nc4 g5 16. a5 Nd7 17. Nxd6 Nc5 18.
Nxc8 Rxc8 19. d6 Ne4 20. Qd5+ Kh8 21. Qxf5 Nxd6 22. Qh3 Rxc2 23. Bd3 Rc7 24. Bd2 Qd7 25. Qh6 Qg7 26. Qh5 Bxb2 27. Rad1 Nc4 28. Bb4 Rg8 29. Bxc4 Rxc4 30. Bd6 Rd4 31. Bc5 Rxd1 32. Rxd1 Bf6 33. Qf3 Rd8 34. Re1 Qf7 35. Bb6 Rd7 36. h3 Kg7 37. Qg4 Qd5 38. h4 Rf7 39. Rd1 Qb5 40.
Bd4 Bxd4 41. Rxd4 h6 42. Kh2 Qe5 43. Rd7 f3+ 44. Kh3 f2 45. Rxf7+ Kxf7 46. Qf3+ Ke6 47. Qxf2 Qf5+ 48. Qxf5+ Kxf5 49. hxg5 hxg5 50. Kg3 g4 51.
Kf2 Kf4 52. g3+ Ke4 53. Ke2 Kd4 54. Kd2 Kc4 55. Ke3 Kb4 56. Kf4 Kxa5 57. Kxg4 Kb4 58. Kf5 a5 59. g4 a4 60. g5 a3 61. g6 a2 62. g7 a1=Q 63. g8=Q Qf1+ 64. Ke5 Qe2+ 65. Kf4 Qc4+ 66. Qxc4+ Kxc4 67. Ke3 Kc3 68. Ke2 Kc2 69. Ke3 b5 70. Kd4 b4 71. Kc4 b3 72.
Kb4 b2 73. Ka3 b1=Q 74. Ka4 Qb2 75. Ka5 Qb3 76. Ka6 Qb4 77. Ka7 Qb5 78. Ka8 Kc3 79.
Ka7 Kc4 80. Ka8 Kc5 81. Ka7 Kc6 82. Ka8 Qb7# 0-1

[Event "Late-Titled-Tuesday-Blitz-January-30-2024"]
[Site "Chess.com"]
[Date "2024.01.30"]
[Round "9"]
[White "N_Mullodzhanov"]
[Black "alexrustemov"]
[Result "0-1"]
[WhiteElo "2450"]
[BlackElo "2735"]
[TimeControl "180+1"]
[EndTime "15:45:44 PST"]
[Termination "alexrustemov won by checkmate"]

1. e4 e6 2. d4 d5 3. Nd2 dxe4 4. Nxe4 Bd7 5. Nf3 Bc6 6. Bd3 Nd7 7. O-O Ngf6 8. Ng3 Be7 9. Re1 O-O 10. c3 b6 11. b4 Bb7 12. a4 c5 13. bxc5 bxc5 14. Rb1 Bc6 15. Bb5 Rc8 16. Ba6 Rb8 17. Bf4 Rxb1 18. Qxb1 Bxf3 19. gxf3 Nd5 20. Bd2 Bg5 21.
Qd3 Bxd2 22. Qxd2 cxd4 23. cxd4 N7f6 24. f4 g6 25. Bd3 Qd6 26. f5 exf5 27. Bxf5 Rd8 28.
Be4 Qb4 29. Qxb4 Nxb4 30. Rd1 a5 31. Bg2 Kf8 32. Kf1 Ke7 33. Ke2 Rc8 34. d5 Kd6 35.
Rd4 Rc2+ 36. Ke3 Nfxd5+ 37. Bxd5 Nxd5+ 38. Kd3 Rc3+ 39. Kd2 Ra3 40. Rc4 Ra2+ 41. Ke1 f5 42. Ne2 Nb4 43. Nc3 Nd3+ 44. Kf1 Rxf2+ 45. Kg1 Rd2 46. Rd4+ Ke5 47. Rd5+ Kf4 48. Nb5 Rd1+ 49. Kg2 Ne1+ 50. Kf1 Rxd5 51. Kxe1 Kf3 52. Nc3 Re5+ 53. Kf1 Re3 54. Nb5 Rd3 55. Ke1 Kg2 56. Ke2 Rd7 57. h4 Kg3 58. Nc3 Kxh4 59. Kf2 Kg4 60. Kg2 Rd2+ 61. Kf1 h5 62. Ke1 Rc2 63. Nd1 Ra2 64.
Ne3+ Kf3 65. Nc4 Rxa4 66. Ne5+ Ke3 67. Kf1 g5 68. Kg2 h4 69. Nf7 g4 70. Nh6 Ra2+ 71.
Kg1 Kf4 72. Nf7 h3 73. Nd6 g3 74. Nc4 Ra1# 0-1